 Dungeon Sprint DCSS version 0.26-a0-707-g31817bcca1 (webtiles) character file.

Game seed: 3573194520809525754

238814970 olmar the Minotaur Barricade (level 22, 233/233 HPs)
             Began as a Minotaur Fighter on Oct 26, 2020.
             Was an Initiate of Gozag.
             Escaped with the Orb
             ... and 17 runes on Oct 27, 2020!
             The game lasted 00:51:14 (7600 turns).

olmar the Minotaur Barricade (Minotaur Fighter)     Turns: 7600, Time: 00:51:15

Health: 233/233    AC: 11    Str: 32    XL:     22   Next: 79%
Magic:  43/43      EV: 38    Int:  4    God:    Gozag
Gold:   8516       SH: 26    Dex: 26    Spells: 75/75 levels left

rFire    + + .     SeeInvis +   n - +14 obsidian axe {vorpal, +Fly SInv *Curse} (curse)
rCold    x . .     Faith    .   A - +5 kite shield {reflect}
rNeg     + . .     Spirit   +   (no armour)
rPois    +         Reflect  +   s - +2 hat
rElec    .         Harm     .   c - +2 ratskin cloak {*Rats rPois rN+ Str-1 Int-1 Dex+1}
rCorr    .         Rampage  .   L - +0 pair of fencer's gloves {Riposte Dex+3}
MR       ++...     NoTele   +   o - +1 pair of boots
Stlth    ++++......             b - amulet of guardian spirit
HPRegen  0.48/turn              m - ring of Xakhix {rF+ MR+ Str+4 Dex+6}
MPRegen  0.28/turn              B - ring of the Morning {Fire MP-9 Dex+4 Slay+3 SInv}

@: gold aura
A: retaliatory headbutt, horns 2, subdued magic 1
0: Orb of Zot
}: 17/17 runes: decaying, serpentine, barnacled, slimy, elven, silver, golden,
iron, obsidian, icy, bone, abyssal, glowing, magical, fiery, dark, gossamer
a: Potion Petition, Call Merchant, Bribe Branch, Renounce Religion, Evoke Flight


You escaped.
You worshipped Gozag.
Gozag was greatly pleased with you.
You visited 1 branch You collected 48128 gold pieces.
You spent 6908 gold pieces at shops.
You paid 32704 gold pieces to Gozag.

Inventory:

Hand Weapons
 f - the +4 staff of Dispater
   (You took it off Dispater in the Dungeon)
 n - the cursed +14 obsidian axe (weapon) {vorpal, +Fly SInv *Curse}
   (You found it in the Dungeon)

   It inflicts extra damage upon your enemies.
   It lets you see invisible.
   It lets you fly.
   It curses itself when equipped.
   It has a curse placed upon it.
Armour
 c - the +2 ratskin cloak (worn) {*Rats rPois rN+ Str-1 Int-1 Dex+1}
   (You bought it in a shop in the Dungeon)

   It affects your strength (-1).
   It affects your intelligence (-1).
   It affects your dexterity (+1).
   It protects you from poison.
   It protects you from negative energy.
 o - a +1 pair of boots (worn)
 s - a +2 hat (worn)
 A - a +5 kite shield of reflection (worn)
 G - the +15 Maxwell's patent armour {-Cast -Tele rElec MR+ rCorr}
   (You found it in the Dungeon)

   It insulates you from electricity.
   It affects your resistance to hostile enchantments.
   It prevents spellcasting.
   It prevents most forms of teleportation.
   It provides partial protection from all sources of acid and corrosion.
 L - the +0 pair of fencer's gloves (worn) {Riposte Dex+3}
   (You acquired it in the Dungeon)

   It affects your dexterity (+3).
Jewellery
 b - an amulet of guardian spirit (around neck)
 m - the ring of Xakhix (left hand) {rF+ MR+ Str+4 Dex+6}
   (You bought it in a shop in the Dungeon)

   [ring of dexterity]

   It affects your strength (+4).
   It affects your dexterity (+6).
   It protects you from fire.
   It affects your resistance to hostile enchantments.
 B - the ring of the Morning (right hand) {Fire MP-9 Dex+4 Slay+3 SInv}
   (You bought it in a shop in the Dungeon)

   [ring of fire]

   It enhances your fire magic.
   It affects your dexterity (+4).
   It affects your accuracy and damage with ranged weapons and melee attacks
   (+3).
   It protects you from fire.
   It makes you vulnerable to cold.
   It affects your magic capacity (-9).
   It lets you see invisible.
 D - an uncursed ring of protection from cold
 F - an uncursed ring of protection from cold
Scrolls
 k - 7 scrolls of remove curse
 l - 2 scrolls of amnesia
 t - 8 scrolls of identify
 u - 2 scrolls of fear
 v - 11 scrolls of enchant weapon
 M - 4 scrolls of summoning
 N - a scroll of magic mapping
Potions
 a - 2 potions of berserk rage
 d - a potion of might
 e - a potion of curing
 h - 9 potions of magic
 i - a potion of invisibility
 H - 2 potions of mutation
 I - 2 potions of brilliance
 J - 2 potions of stabbing
Miscellaneous
 p - the horn of Geryon
 y - a lightning rod (4/4)
 z - a phantom mirror


   Skills:
 O Level 27 Fighting
 O Level 27 Axes
   Level 4.4(23.2) Maces & Flails
 + Level 23.0(23.1) Staves
 O Level 27 Throwing
 O Level 27 Armour
 O Level 27 Dodging
 O Level 27 Stealth
 O Level 27 Shields
 + Level 24.5 Unarmed Combat
 O Level 27 Spellcasting
 O Level 27 Evocations


You had 75 spell levels left.
You didn't know any spells.
Your spell library contained the following spells:

 Spells                   Type           Power        Failure   Level
 Freeze                   Ice            #...         2%          1
 Passwall                 Tmut/Erth      #.......     4%          2
 Swiftness                Air            #.......     4%          2
 Frozen Ramparts          Ice            #.....       9%          3
 Ozocubu's Armour         Ice            #.......     9%          3
 Hailstorm                Conj/Ice       #.......     30%         4
 Passage of Golubria      Tloc           N/A          30%         4
 Summon Ice Beast         Ice/Summ       #.......     30%         4
 Lee's Rapid Deconstruct  Erth           #.........   65%         5
 Invisibility             Hex            #.......     99%         6


Dungeon Overview and Level Annotations

Branches:
Dungeon (1/1)

Altars:
Cheibriados
Dithmenos
Elyvilon
Fedhas
Gozag
Hepliaklqana
Kikubaaqudgha
Makhleb
Nemelex Xobeh
Okawaru
Qazlal
Ru
Sif Muna
Trog
Uskayaw
Vehumet
Wu Jian
Xom
Yredelemnul
Zin
The Shining One
Beogh
Jiyva
Lugonu

Shops:
D [=}((}?[=}}[[=[=[[*


Innate Abilities, Weirdness & Mutations

You reflexively headbutt those who attack you in melee.
You have a pair of horns on your head.
Your spells are a little easier to cast, but a little less powerful.


Message History

You block the Orb Guardian's attack.
Your orange demon stings the Orb Guardian but does no damage.
You open the Orb Guardian like a pillowcase!!!
You are no longer entranced.
You kill the Orb Guardian!
Your Staves skill increases to level 23!
There is a shadowy altar of Dithmenos here.
You see here 234 gold pieces.
There is a snail-covered altar of Cheibriados here.
There is a roughly hewn altar of Beogh here.
There is an open door to the Temple here.
There is an open door, spattered with blood here.
You see here a cursed +0 leather armour.
Things that are here:
a stone; a +0 whip
There is an open door to the Dungeon, spattered with blood here.
You see here a +0 club.
You see here a stone.
There is a staircase leading out of the dungeon here.
You have escaped!

▓▓▓▓▓▓▓▓▓▓▓▓▓▓▓▓▓▓
'.....[....()(44@▓
▓▓▓▓▓▓▓▓▓▓▓▓▓▓▓▓▓▓
......$..........▓
▓▓▓▓▓▓▓▓▓▓▓▓▓▓▓▓.▓
..|(.....'.......▓
▓▓▓▓▓▓▓▓▓▓▓▓▓▓▓▓▓▓
.................▓
▓▓▓▓▓▓▓▓▓▓▓▓▓▓▓▓.▓
[))[.............▓


You could see a friendly orange demon (summoned) and a friendly rust devil
(summoned).

Vanquished Creatures
  Cerebov (D)
  Antaeus (D)
  Asmodeus (D)
  the Royal Jelly (D)
  Ereshkigal (D)
  Gloorx Vloq (D)
  Mnoleg (D)
  Lom Lobon (D)
  3 orbs of fire (D)
  Dispater (D)
  6 ancient liches (D)
  Mara (D)
  Boris (D)
  Sojobo (D)
  A Killer Klown (D)
  Margery (D)
  Saint Roka (D)
  Xtahua (D)
  2 golden dragons (D)
  Frederick (D)
  Geryon (D)
  Nikola (D)
  3 pandemonium lords (D)
  Jory (D)
  A Brimstone Fiend (D)
  2 liches (D)
  3 electric golems (D)
  Rupert (D)
  An Ice Fiend (D)
  3 tentacled monstrosities (D)
  34 Orb Guardians (D)
  A Hell Sentinel (D)
  2 deep elf blademasters (D)
  2 deep elf master archers (D)
  2 death cobs (D)
  10 acid blobs (D)
  Frances (D)
  4 Executioners (D)
  12 sphinxes (D)
  Gastronok (D)
  3 storm dragons (D)
  2 draconian monks (D)
  4 nagarajas (D)
  2 tengu reavers (D)
  10 azure jellies (D)
  11 shadow dragons (D)
  Ilsuiw (D)
  A daeva (D)
  2 deep elf sorcerers (D)
  A frost giant (D)
  3 ghost moths (D)
  3 draconian knights (D)
  A draconian scorcher (D)
  A vault warden (D)
  An emperor scorpion (D)
  A cacodemon (D)
  Louise (D)
  3 draconian shifters (D)
  2 draconian stormcallers (D)
  2 ironheart preservers (D)
  2 draconian annihilators (D)
  2 very ugly things (D)
  6 stone giants (D)
  A black draconian (D)
  9 vampire knights (D)
  2 green draconians (D)
  A deep elf demonologist (D)
  Azrael (D)
  3 yellow draconians (D)
  A deep elf annihilator (D)
  A corrupter (D)
  3 red draconians (D)
  4 white draconians (D)
  5 purple draconians (D)
  2 ettins (D)
  8 death oozes (D)
  9 fire dragons (D)
  5 yaktaur captains (D)
  2 mummy priests (D)
  2 deep elf death magi (D)
  3 merfolk javelineers (D)
  5 merfolk impalers (D)
  6 hydras (D)
  3 great orbs of eyes (D)
  3 deep elf high priests (D)
  Josephine (D)
  2 shambling mangroves (D)
  25 vault guards (D)
  4 ice dragons (D)
  5 naga warriors (D)
  Harold (D)
  2 centaur warriors (D)
  2 merfolk avatars (D)
  4 merfolk aquamancers (D)
  3 ogre magi (D)
  A death knight (D)
  2 vampire magi (D)
  A deep troll earth mage (D)
  A two-headed ogre (D)
  A deep troll shaman (D)
  A naga sharpshooter (D)
  3 shock serpents (D)
  6 hell knights (D)
  2 sixfirhies (D)
  2 shadow wraiths (D)
  2 infernal demonspawn (D)
  A sea snake (D)
  A deep troll (D)
  2 wizards (D)
  A flayed ghost (D)
  3 glowing orange brains (D)
  A torturous demonspawn (D)
  8 swamp dragons (D)
  An ironbrand convoker (D)
  5 ugly things (D)
  10 orc knights (D)
  2 orb spiders (D)
  2 manticores (D)
  9 moths of wrath (D)
  2 wolf spiders (D)
  A cyclops (D)
  An elephant (D)
  A smoke demon (D)
  6 vault sentinels (D)
  2 guardian serpents (D)
  A water nymph (D)
  A black mamba (D)
  4 naga magi (D)
  3 orange demons (D)
  6 cane toads (D)
  2 rime drakes (D)
  2 large abominations (D)
  A komodo dragon (D)
  2 freezing wraiths (D)
  6 yaktaurs (D)
  A kobold demonologist (D)
  A hellion (D)
  2 ice devils (D)
  8 guardian mummies (D)
  An ancient zyme (D)
  6 demonic crawlers (D)
  A merfolk (D)
  2 hellwings (D)
  2 tyrant leeches (D)
  2 jumping spiders (D)
  5 hornets (D)
  A troll (shapeshifter) (D)
  3 blink frogs (D)
  A slime creature (D)
  A bog body (D)
  A snapping turtle (D)
  A shadow (D)
  2 redbacks (D)
  11 spriggans (D)
  2 ynoxinuls (D)
  A tarantella (shapeshifter) (D)
  A yak (D)
  6 wraiths (D)
  A tarantella (D)
  A vampire mosquito (D)
  A neqoxec (D)
  3 fire elementals (D)
  3 golden eyes (D)
  2 wargs (D)
  2 nagas (D)
  2 acid dragons (D)
  A water moccasin (D)
  2 small abominations (D)
  A floating eye (D)
  9 hell hounds (D)
  A sky beast (D)
  17 orc warriors (D)
  2 ice beasts (D)
  A boggart (D)
  6 wolves (D)
  A centaur (D)
  4 bullfrogs (D)
  A scorpion (D)
  A killer bee (D)
  A wight (D)
  A hound (D)
  A jelly (D)
  6 orc priests (D)
  An iguana (D)
  2 orc wizards (D)
  A worker ant (D)
  A white imp (D)
  2 adder zombies (D)
  A ball lightning (D)
  A leopard gecko (D)
  9 orcs (D)
  A ball python (D)
  A bat skeleton (D)
  A hobgoblin (D)
  A kobold (D)
  A rat (D)
572 creatures vanquished.

Vanquished Creatures (collateral kills)
  An electric golem (D)
  A stone giant (D)
  A yaktaur captain (D)
  A deep elf high priest (D)
  A boulder beetle (D)
  A wolf spider (D)
  3 guardian mummies (D)
  A neqoxec (D)
  An orc wizard (D)
  4 ball lightnings (D)
15 creatures vanquished.

Vanquished Creatures (others)
  2 greater mummies (D)
  A wandering mushroom (D)
  6 guardian mummies (D)
  A small abomination (D)
  5 ball lightnings (D)
15 creatures vanquished.

Grand Total: 602 creatures vanquished

Notes
Turn   | Place    | Note
-------+----------+-------------------------------------------
     0 | D        | olmar the Minotaur Fighter began the quest for the Orb.
     0 | D        | Reached XP level 1. HP: 19/19 MP: 0/0
    20 | D        | Noticed an iguana
    20 | D        | Noticed a hound
    25 | D        | Killed a hound
    25 | D        | Reached skill level 5 in Fighting
    25 | D        | Reached skill level 5 in Armour
    25 | D        | Reached skill level 5 in Shields
    25 | D        | Reached XP level 2. HP: 29/29 MP: 1/1
    25 | D        | Reached XP level 3. HP: 36/36 MP: 2/2
    32 | D        | Reached XP level 4. HP: 41/45 MP: 3/3
    38 | D        | Found a roughly hewn altar of Beogh.
    38 | D        | Found a snail-covered altar of Cheibriados.
    38 | D        | Found a shadowy altar of Dithmenos.
    38 | D        | Found a white marble altar of Elyvilon.
    38 | D        | Found a blossoming altar of Fedhas.
    38 | D        | Found an opulent altar of Gozag.
    39 | D        | Found a hazy altar of Hepliaklqana.
    40 | D        | Found a viscous altar of Jiyva.
    41 | D        | Found an ancient bone altar of Kikubaaqudgha.
    42 | D        | Found a corrupted altar of Lugonu.
    43 | D        | Found a burning altar of Makhleb.
    44 | D        | Found a sparkling altar of Nemelex Xobeh.
    45 | D        | Found an iron altar of Okawaru.
    46 | D        | Became a worshipper of Gozag Ym Sagoz the Greedy
    47 | D        | Found a stormy altar of Qazlal.
    48 | D        | Found a sacrificial altar of Ru.
    49 | D        | Found a shimmering blue altar of Sif Muna.
    50 | D        | Found a bloodstained altar of Trog.
    51 | D        | Found a hide-covered altar of Uskayaw.
    52 | D        | Found a radiant altar of Vehumet.
    53 | D        | Found an ornate altar of the Wu Jian Council.
    54 | D        | Found a shimmering altar of Xom.
    55 | D        | Found a basalt altar of Yredelemnul.
    56 | D        | Found a glowing silver altar of Zin.
    57 | D        | Found a glowing golden altar of the Shining One.
    66 | D        | Found the +14 obsidian axe {vorpal, +Fly SInv *Curse}
   108 | D        | Noticed a bullfrog
   108 | D        | Noticed a two-headed ogre
   113 | D        | Reached XP level 5. HP: 40/53 MP: 4/4
   115 | D        | Reached skill level 1 in Dodging
   116 | D        | Killed a two-headed ogre
   116 | D        | Reached skill level 10 in Shields
   116 | D        | Reached skill level 1 in Evocations
   116 | D        | Reached XP level 6. HP: 70/70 MP: 5/5
   116 | D        | Reached XP level 7. HP: 75/75 MP: 6/6
   128 | D        | Noticed a wraith
   128 | D        | Noticed a white ugly thing
   128 | D        | Noticed a cyclops
   136 | D        | Killed a cyclops
   136 | D        | Reached XP level 8. HP: 85/85 MP: 7/7
   139 | D        | Killed a white ugly thing
   139 | D        | Reached skill level 5 in Axes
   180 | D        | Noticed Harold
   188 | D        | Killed Harold
   188 | D        | Reached XP level 9. HP: 57/94 MP: 8/8
   265 | D        | Noticed a cane toad
   265 | D        | Noticed a cane toad
   265 | D        | Noticed a cane toad
   268 | D        | Killed a cane toad
   272 | D        | Killed a cane toad
   278 | D        | Noticed a rime drake
   284 | D        | Killed a cane toad
   284 | D        | Reached skill level 10 in Axes
   284 | D        | Reached skill level 5 in Dodging
   294 | D        | Reached XP level 10. HP: 72/104 MP: 9/9
   307 | D        | Noticed a cane toad
   307 | D        | Noticed an elephant
   308 | D        | Noticed a cane toad
   311 | D        | Killed an elephant
   316 | D        | Killed a cane toad
   327 | D        | Killed a cane toad
   334 | D        | Reached skill level 15 in Fighting
   354 | D        | Noticed a smoke demon
   366 | D        | Reached skill level 15 in Axes
   431 | D        | Noticed Josephine
   445 | D        | Killed Josephine
   445 | D        | Reached XP level 11. HP: 96/113 MP: 10/10
   500 | D        | Noticed an orc knight
   500 | D        | Noticed an ettin
   505 | D        | Killed an ettin
   513 | D        | Killed an orc knight
   558 | D        | Bought a lightning rod (4/4) for 440 gold pieces
   558 | D        | Noticed an orc knight
   559 | D        | Reached skill level 15 in Shields
   566 | D        | Killed an orc knight
   568 | D        | Noticed an orc knight
   579 | D        | Killed an orc knight
   602 | D        | Bought a heavily runed plate armour for 812 gold pieces
   602 | D        | Bought a glowing kite shield for 217 gold pieces
   602 | D        | Identified the +1 plate armour "Motaoqe" {Str+10} (You
                  | bought it in a shop in the Dungeon)
   834 | D        | Bought the ring of the Morning {Fire MP-9 Dex+4 Slay+3
                  | SInv} for 497 gold pieces
   834 | D        | Bought the ring of Zuonaown {rPois Int+7 Dex+2 Stlth+} for
                  | 633 gold pieces
   841 | D        | Found Ran Ciy's Gadget Boutique.
   841 | D        | Noticed an orc knight
   841 | D        | Noticed an orc knight
   843 | D        | Noticed an orc knight
   853 | D        | Killed an orc knight
   855 | D        | Killed an orc knight
   856 | D        | Found Zuastryt's Weapon Shop.
   856 | D        | Noticed an orc knight
   859 | D        | Killed an orc knight
   863 | D        | Found Jetoir's Weapon Boutique.
   867 | D        | Found Xesumiugi's Gadget Shop.
   867 | D        | Noticed an orc knight
   871 | D        | Killed an orc knight
   879 | D        | Killed an orc knight
   879 | D        | Reached skill level 5 in Evocations
   883 | D        | Noticed an orc knight
   890 | D        | Killed an orc knight
  1039 | D        | Noticed Gastronok
  1052 | D        | Killed Gastronok
  1052 | D        | Reached XP level 12. HP: 125/125 MP: 2/11
  1145 | D        | Found the +15 Maxwell's patent armour {-Cast -Tele rElec
                  | MR+ rCorr}
  1194 | D        | Noticed a centaur warrior
  1194 | D        | Noticed a four-headed hydra
  1194 | D        | Noticed a boulder beetle
  1206 | D        | Killed an eight-headed hydra
  1211 | D        | Killed a centaur warrior
  1212 | D        | Noticed a deep troll earth mage
  1213 | D        | Noticed an ice dragon
  1214 | D        | Noticed a vampire mage
  1218 | D        | Noticed a centaur warrior
  1222 | D        | Killed a deep troll earth mage
  1229 | D        | Killed a centaur warrior
  1229 | D        | Killed a vampire mage
  1230 | D        | Noticed a fire dragon
  1231 | D        | Killed an ice dragon
  1232 | D        | Killed a boulder beetle
  1232 | D        | Reached skill level 15 in Armour
  1245 | D        | Killed a fire dragon
  1387 | D        | Noticed Azrael
  1397 | D        | Killed Azrael
  1444 | D        | Bought a glowing cloak for 285 gold pieces
  1449 | D        | Noticed a shambling mangrove
  1449 | D        | Noticed a shambling mangrove
  1455 | D        | Killed a shambling mangrove
  1455 | D        | Reached XP level 13. HP: 137/137 MP: 3/12
  1620 | D        | Reached skill level 10 in Evocations
  1681 | D        | Noticed a merfolk javelineer
  1686 | D        | Killed a merfolk javelineer
  1729 | D        | Noticed Saint Roka
  1745 | D        | Killed Saint Roka
  1762 | D        | Noticed Rupert
  1764 | D        | Paralysed by Rupert for 2 turns
  1777 | D        | Killed Rupert
  1804 | D        | Noticed Frances
  1813 | D        | Killed Frances
  1813 | D        | Reached XP level 14. HP: 70/151 MP: 4/13
  1845 | D        | Bought the +2 ratskin cloak {*Rats rPois rN+ Str-1 Int-1
                  | Dex+1} for 417 gold pieces
  1845 | D        | Found the +2 ratskin cloak {*Rats rPois rN+ Str-1 Int-1
                  | Dex+1}
  1845 | D        | Bought a +2 pair of gloves of strength for 322 gold pieces
  1873 | D        | Noticed a cyan very ugly thing
  1878 | D        | Killed a cyan very ugly thing
  1885 | D        | Noticed a purple very ugly thing
  1889 | D        | Noticed a lich
  1893 | D        | Killed a purple very ugly thing
  1894 | D        | Noticed a stone giant
  1903 | D        | Killed a lich
  1904 | D        | Killed a stone giant
  1933 | D        | Noticed a vault warden
  1936 | D        | Reached skill level 15 in Evocations
  1943 | D        | Noticed an ironheart preserver
  1951 | D        | Killed a vault warden
  1961 | D        | Killed an ironheart preserver
  1963 | D        | Noticed a stone giant
  1965 | D        | Noticed a stone giant
  1973 | D        | Killed a stone giant
  1978 | D        | Killed a stone giant
  2021 | D        | Noticed Louise
  2030 | D        | Killed Louise
  2057 | D        | Noticed Jory
  2067 | D        | Killed Jory
  2067 | D        | Reached XP level 15. HP: 97/163 MP: 5/14
  2105 | D        | Bought a scroll of identify for 78 gold pieces
  2105 | D        | Bought a potion of curing for 117 gold pieces
  2105 | D        | Bought a scroll of blinking for 292 gold pieces
  2105 | D        | Bought a potion of heal wounds for 195 gold pieces
  2165 | D        | Bought an uncursed amulet of guardian spirit for 420 gold
                  | pieces
  2226 | D        | Noticed Frederick
  2235 | D        | Killed Frederick
  2261 | D        | Noticed a nagaraja
  2266 | D        | Killed a nagaraja
  2273 | D        | Noticed a nagaraja
  2277 | D        | Noticed a nagaraja
  2280 | D        | Killed a nagaraja
  2282 | D        | Killed a nagaraja
  2283 | D        | Noticed a nagaraja
  2293 | D        | Killed a nagaraja
  2299 | D        | Got a serpentine rune of Zot
  2310 | D        | Noticed a ghost moth
  2313 | D        | Noticed a ghost moth
  2319 | D        | Killed a ghost moth
  2328 | D        | Killed a ghost moth
  2355 | D        | Got a gossamer rune of Zot
  2363 | D        | Noticed Ilsuiw
  2379 | D        | Killed Ilsuiw
  2390 | D        | Got a barnacled rune of Zot
  2695 | D        | Reached XP level 16. HP: 178/178 MP: 6/15
  2713 | D        | Got a decaying rune of Zot
  2752 | D        | Noticed Nikola
  2768 | D        | Killed Nikola
  2895 | D        | Noticed an ancient lich
  2910 | D        | Killed an ancient lich
  2913 | D        | Reached skill level 27 in Shields
  2913 | D        | Noticed a shadow dragon
  2924 | D        | Noticed a shadow dragon
  2927 | D        | Killed a shadow dragon
  2939 | D        | Killed a shadow dragon
  2958 | D        | Noticed a shadow dragon
  2958 | D        | Noticed an ancient lich
  2958 | D        | Noticed a shadow dragon
  2963 | D        | Noticed a shadow dragon
  2967 | D        | Killed a shadow dragon
  2967 | D        | Noticed a shadow dragon
  2969 | D        | Killed a shadow dragon
  2976 | D        | Killed an ancient lich
  2976 | D        | Reached skill level 27 in Fighting
  2976 | D        | Reached XP level 17. HP: 160/191 MP: 7/16
  3000 | D        | Got a silver rune of Zot
  3015 | D        | Noticed Boris
  3025 | D        | Killed Boris
  3065 | D        | Noticed Margery
  3079 | D        | Killed Margery
  3079 | D        | Reached skill level 27 in Axes
  3113 | D        | Got the ring "Ileahut" {+Inv rPois}
  3118 | D        | Found the +8 trident of the Octopus King {venom, rElec
                  | rPois MR+}
  3119 | D        | Got the amulet of Happiness {Reflect rElec rC- Dex+3 SH+5}
  3210 | D        | Noticed Xtahua
  3218 | D        | Killed Xtahua
  3227 | D        | Noticed Sojobo
  3237 | D        | Killed Sojobo
  3251 | D        | Noticed Mara
  3264 | D        | Noticed olmar's illusion
  3275 | D        | Killed Mara
  3275 | D        | Reached skill level 27 in Evocations
  3312 | D        | Reached skill level 10 in Dodging
  3346 | D        | Noticed a golden dragon
  3359 | D        | Killed a golden dragon
  3359 | D        | Reached skill level 27 in Armour
  3367 | D        | Reached XP level 18. HP: 97/200 MP: 6/17
  3386 | D        | Bought the ring of Xakhix {rF+ MR+ Str+4 Dex+6} for 865
                  | gold pieces
  3404 | D        | Reached skill level 15 in Dodging
  3580 | D        | Bought a scroll of acquirement for 676 gold pieces
  3580 | D        | Bought a scroll of summoning for 123 gold pieces
  3580 | D        | Bought a scroll of identify for 26 gold pieces
  3580 | D        | Bought a scroll of magic mapping for 45 gold pieces
  3580 | D        | Bought a scroll of identify for 26 gold pieces
  3580 | D        | Bought a scroll of identify for 26 gold pieces
  3580 | D        | Bought a scroll of identify for 26 gold pieces
  3580 | D        | Bought 3 scrolls of summoning for 370 gold pieces
  3581 | D        | Acquired the +0 pair of fencer's gloves {Riposte Dex+3}
  3582 | D        | Found the +0 pair of fencer's gloves {Riposte Dex+3}
  3599 | D        | Noticed a tentacled monstrosity
  3604 | D        | Noticed a tentacled monstrosity
  3609 | D        | Killed a tentacled monstrosity
  3616 | D        | Killed a tentacled monstrosity
  3985 | D        | Noticed an Orb Guardian
  3985 | D        | Noticed an Orb Guardian
  3985 | D        | Noticed an Orb Guardian
  3985 | D        | Noticed an Orb Guardian
  3985 | D        | Noticed an Orb Guardian
  3985 | D        | Noticed an Orb Guardian
  3987 | D        | Noticed an Orb Guardian
  3988 | D        | Killed an Orb Guardian
  3989 | D        | Killed an Orb Guardian
  3989 | D        | Reached skill level 27 in Dodging
  3990 | D        | Killed an Orb Guardian
  3990 | D        | Killed an Orb Guardian
  3990 | D        | Killed an Orb Guardian
  3990 | D        | Reached skill level 10 in Stealth
  3992 | D        | Noticed an Orb Guardian
  3996 | D        | Killed an Orb Guardian
  3999 | D        | Killed an Orb Guardian
  4000 | D        | Noticed an Orb Guardian
  4005 | D        | Killed an Orb Guardian
  4006 | D        | Noticed an Orb Guardian
  4013 | D        | Killed an Orb Guardian
  4022 | D        | Killed an Orb Guardian
  4028 | D        | Noticed an Orb Guardian
  4028 | D        | Noticed an Orb Guardian
  4031 | D        | Reached skill level 15 in Stealth
  4032 | D        | Noticed an Orb Guardian
  4036 | D        | Killed an Orb Guardian
  4036 | D        | Reached XP level 19. HP: 155/207 MP: 0/18
  4058 | D        | Noticed an ancient lich
  4063 | D        | Killed an ancient lich
  4066 | D        | Noticed an orb of fire
  4078 | D        | Killed an orb of fire
  4084 | D        | Noticed an electric golem
  4086 | D        | Killed an electric golem
  4089 | D        | Noticed an ancient lich
  4089 | D        | Noticed a golden dragon
  4089 | D        | Noticed an electric golem
  4089 | D        | Noticed an electric golem
  4090 | D        | Noticed an orb of fire
  4095 | D        | Killed an electric golem
  4103 | D        | Killed an ancient lich
  4104 | D        | Noticed an electric golem
  4107 | D        | Noticed a Killer Klown
  4110 | D        | Noticed an orb of fire
  4112 | D        | Killed an orb of fire
  4118 | D        | Killed an electric golem
  4131 | D        | Killed an orb of fire
  4139 | D        | Killed a golden dragon
  4148 | D        | Killed an electric golem
  4148 | D        | Reached skill level 27 in Stealth
  4157 | D        | Killed a Killer Klown
  4182 | D        | Reached skill level 10 in Spellcasting
  4188 | D        | Reached XP level 20. HP: 107/216 MP: 12/34
  4212 | D        | Reached skill level 15 in Spellcasting
  4303 | D        | Noticed an ancient lich
  4308 | D        | Noticed an ancient lich
  4311 | D        | Killed an ancient lich
  4319 | D        | Killed an ancient lich
  4609 | D        | Noticed the Royal Jelly
  4618 | D        | Paralysed by a floating eye for 3 turns
  4666 | D        | Killed the Royal Jelly
  4666 | D        | Reached XP level 21. HP: 192/224 MP: 35/48
  4698 | D        | Got a slimy rune of Zot
  5017 | D        | Reached skill level 27 in Spellcasting
  5017 | D        | Reached skill level 1 in Throwing
  5032 | D        | Reached skill level 5 in Throwing
  5142 | D        | Noticed a greater mummy
  5142 | D        | Noticed a greater mummy
  5142 | D        | Noticed a greater mummy
  5142 | D        | Noticed a greater mummy
  5142 | D        | Noticed a greater mummy
  5144 | D        | Noticed a greater mummy
  5152 | D        | Got a golden rune of Zot
  5303 | D        | Noticed Geryon
  5308 | D        | Killed Geryon
  5313 | D        | Identified the +4 staff of Dispater
  5313 | D        | Noticed Dispater
  5313 | D        | Noticed Lom Lobon
  5314 | D        | Identified the +6 sword of Cerebov {flame}
  5314 | D        | Noticed Cerebov
  5317 | D        | Got a magical rune of Zot
  5319 | D        | Noticed Antaeus
  5342 | D        | Noticed Ereshkigal
  5353 | D        | Noticed Gloorx Vloq
  5375 | D        | Killed Antaeus
  5380 | D        | Killed Dispater
  5396 | D        | Identified the +7 sceptre of Asmodeus
  5396 | D        | Noticed Asmodeus
  5406 | D        | Killed Lom Lobon
  5415 | D        | Killed Cerebov
  5433 | D        | Killed Ereshkigal
  5433 | D        | Reached XP level 22. HP: 164/232 MP: 37/52
  5435 | D        | Killed Gloorx Vloq
  5435 | D        | Reached skill level 27 in Throwing
  5452 | D        | Killed Asmodeus
  5457 | D        | Got an iron rune of Zot
  5470 | D        | Got a fiery rune of Zot
  5474 | D        | Got an icy rune of Zot
  5478 | D        | Got a bone rune of Zot
  5480 | D        | Noticed Mnoleg
  5507 | D        | Killed Mnoleg
  5509 | D        | Got a glowing rune of Zot
  5513 | D        | Got a dark rune of Zot
  5517 | D        | Got an obsidian rune of Zot
  5665 | D        | Got an abyssal rune of Zot
  5849 | D        | Got an elven rune of Zot
  5961 | D        | Got the Orb of Zot
  6020 | D        | Noticed Untootus the pandemonium lord
  6028 | D        | Killed Untootus the pandemonium lord
  6272 | D        | Reached skill level 10 in Staves
  6738 | D        | Reached skill level 15 in Staves
  6747 | D        | Noticed Meosiet the pandemonium lord
  6764 | D        | Killed Meosiet the pandemonium lord
  6947 | D        | Noticed Caunaol the pandemonium lord
  6960 | D        | Killed Caunaol the pandemonium lord
  7262 | D        | Gained mutation: Your spells are a little easier to cast,
                  | but a little less powerful. [a neqoxec]
  7600 | D        | Escaped with the Orb!

Illustrated notes

Levels and vault maps discovered:
D:        linesprint [early_d, line_temple, items_1, d_10, items_2, lair_1,
          lair_end, items_3, orc_1, orc_end, items_4, d_15, swamp_1, shoals_1,
          snake_1, spider_1, d_20, vaults_1, items_5, swamp_end, shoals_end,
          snake_end, spider_end, vaults_end, d_27, items_6, zot_1, zot_end,
          crypt_end, forest_end, elf_end, slime_end, tomb_end, abyss_end,
          pan_hell_end]

Skill      XL: |  1  2  3  4  5  6  7  8  9 10 11 12 13 14 15 16 17 18 19 20 21 22 |
---------------+-------------------------------------------------------------------+-----
Fighting       | 5 6 7 11 12 13 14 15 17 19 21 23 25 27 | 27.0
Armour         | 5 6 7 11 12 13 14 15 16 17 19 21 27 | 27.0
Shields        | 5 7 10 11 12 13 14 16 17 20 22 24 27 | 27.0
Maces & Flails | 3 4 |  4.4
Dodging        | 2 3 4 5 6 7 8 9 14 27 | 27.0
Axes           | 2 3 8 11 15 19 20 21 23 24 26 27 | 27.0
Evocations     | 1 2 3 5 9 13 16 19 23 27 | 27.0
Stealth        | 16 27 | 27.0
Spellcasting   | 11 24 27 | 27.0
Throwing       | 26 27 | 27.0
Unarmed Combat | 24 | 24.5
Staves         | 23 | 23.0

Action                   |  1- 3 |  4- 6 |  7- 9 | 10-12 | 13-15 | 16-18 | 19-21 | 22-24 || total
-------------------------+-------+-------+-------+-------+-------+-------+-------+-------++-------
Melee: Flail             |    20 |       |       |       |       |       |       |       ||    20
       Headbutt          |     4 |     1 |     5 |    31 |    51 |    50 |   108 |    55 ||   305
       Broad axe         |       |     3 |    40 |   150 |   153 |   167 |   312 |   170 ||   995
Invok: Call Merchant     |       |       |       |     4 |     4 |     7 |       |       ||    15
       Potion Petition   |       |       |       |       |       |       |     7 |     2 ||     9
       Bribe Branch      |       |       |       |       |       |       |     1 |       ||     1
 Abil: Evoke Flight      |       |       |       |       |       |     1 |       |       ||     1
Evoke: Wand              |       |     2 |     2 |     1 |     1 |     4 |       |       ||    10
       Lightning rod     |       |       |       |    33 |    88 |   143 |    70 |     6 ||   340
       Phantom mirror    |       |       |       |       |       |       |     5 |       ||     5
       Horn of Geryon    |       |       |       |       |       |       |     2 |       ||     2
  Use: Potion            |     1 |     2 |       |     1 |       |     4 |    31 |     4 ||    43
       Scroll            |       |       |       |     1 |       |     6 |     2 |     7 ||    16
 Stab: Distracted        |       |       |       |     4 |     4 |    14 |    34 |     3 ||    59
       Sleeping          |       |       |       |       |       |       |    14 |     1 ||    15
Armor: Scale mail        |     6 |       |     9 |     7 |       |       |       |       ||    22
       Plate armour      |       |       |       |    22 |    75 |    72 |    57 |     8 ||   234
       Skin              |       |       |       |       |       |       |     4 |     9 ||    13
Dodge: Dodged            |     2 |     3 |    15 |    28 |    50 |    85 |    79 |    60 ||   322
Block: Kite shield       |     8 |     2 |    20 |    72 |   134 |   171 |   178 |   114 ||   699
       Reflection        |       |       |       |       |    11 |     6 |     9 |     1 ||    27
       Rpst.: Broad axe  |       |       |       |       |       |     3 |    11 |    11 ||    25

Table legend: (Time is in decaauts)
 A = Elapsed time spent in this place.
 B = Non-inter-level travel time spent in this place.
 C = Inter-level travel time spent in this place.
 D = Time resting spent in this place.
 E = Time spent auto-exploring this place.
 F = Levels seen in this place.
 G = Mean time per level.
                   A        B        C        D        E       F      G
               +--------+--------+--------+--------+--------+-----+--------+
         Total |   7256 |   6002 |   1254 |   1551 |    169 |   1 | 7256.0 |
       Dungeon |   7256 |   6002 |   1254 |   1551 |    169 |   1 | 7256.0 |
               +--------+--------+--------+--------+--------+-----+--------+

Top non-repeatable levels by time:
       D: 7256 daAuts
